AoeStats
← Chinese Trade Bot

Arabia

510359747Analyzed
2v2 RM · 22h ago on Sep 30, 2026· 74m 13s· 4 players
Game mode
Random Map
Map size
Medium (4 player)
Population
200
Speed
Normal
Resources
Standard
Victory
Conquest
Starting age
Dark Age
Ending age
Imperial Age
RankedLock teamsTeams togetherTeam positionsShared explorationLock speedFull tech treeHidden civsTurbo modeCheats
Victory
Defeat
🇦🇹 Byzantines · Austria
765
+16
🇦🇹 Italians · Austria
751
+16
🇪🇸 Varangians · Spain
776
-16
🇩🇪 Khmer · Germany
748
-16
Josico90
0:55 Loom
11:10 Feudal Age
12:01 Double-Bit Axe
14:13 Bloodlines
18:18 Town Watch
21:16 Castle Age
19:50 Scale Barding Armor
20:55 Forging
21:01 Fletching
21:19 Light Cavalry
22:00 Husbandry
23:28 Gold Mining
24:11 Crossbowman
25:51 Bow Saw
26:14 Stone Mining
29:39 Bodkin Arrow
29:45 Padded Archer Armor
34:14 Leather Archer Armor
33:53 Elite Skirmisher
38:39 Ballistics
39:12 Iron Casting
39:23 Chain Barding Armor
43:51 Imperial Age
43:01 Wheelbarrow
43:05 Masonry
44:25 Hand Cart
45:31 Chemistry
44:53 Conscription
43:56 Capped Ram
44:01 Cavalier
Endzeitboss
0:29 Loom
10:56 Feudal Age
12:28 Wheelbarrow
11:39 Town Watch
13:57 Double-Bit Axe
19:21 Stone Mining
23:22 Castle Age
24:35 Bow Saw
25:35 Town Patrol
27:50 Hand Cart
31:27 Gold Mining
32:17 Stone Shaft Mining
35:53 Gold Shaft Mining
37:08 Ballistics
40:28 Imperial Age
37:54 Fletching
38:15 Forging
38:11 Scale Barding Armor
38:20 Masonry
39:15 Bodkin Arrow
39:19 Murder Holes
40:14 Horse Collar
41:44 Conscription
41:25 Double Crossbow
42:01 Hoardings
42:34 Chemistry
42:08 Architecture
41:50 Bracer
41:53 Light Cavalry
42:44 Bloodlines
42:35 Husbandry
42:41 Heavy Plow
43:05 Chain Barding Armor
43:21 Iron Casting
43:32 Elite Ballista Elephant
44:23 Hussar
48:06 Plate Barding Armor
67:19 Pikeman
Aux Anschluss
10:45 Feudal Age
17:13 Castle Age
20:53 Crossbowman
21:45 Padded Archer Armor
21:35 Fletching
23:33 Gold Mining
25:34 Leather Archer Armor
31:38 Bodkin Arrow
34:29 Ballistics
41:46 Imperial Age
41:36 Thumb Ring
41:43 Double-Bit Axe
41:56 Arbalester
42:18 Arbalester
65:04 Pikeman
65:50 Elite Genoese Crossbowman
Chinese Trade Bot
5:52 Loom
9:20 Feudal Age
13:35 Forging
14:25 Horse Collar
16:03 Scale Barding Armor
18:40 Double-Bit Axe
24:00 Castle Age
24:48 Husbandry
25:08 Bow Saw
25:01 Heavy Plow
25:25 Chain Barding Armor
27:31 Iron Casting
33:32 Wheelbarrow
34:47 Hand Cart
40:36 Imperial Age
40:00 Stone Mining
40:02 Gold Mining
40:42 Cavalier
42:27 Conscription
42:58 Plate Barding Armor
42:10 Paladin
43:52 Crop Rotation
62:08 Gold Shaft Mining
62:09 Stone Shaft Mining
Connection lost

Rejoining the realm…

Still unreachable

The connection could not be restored.

Session expired

The server has moved on; the page needs a fresh start.